 Dungeon Crawl Stone Soup version 0.22-a0-299-g43f9854 (webtiles) character file.

176 Gorice the Slasher (level 5, -5/42 HPs)
             Began as a Minotaur Gladiator on Mar 25, 2018.
             Slain by an orc warrior
             ... wielding a +0 trident
              (7 damage)
             ... on level 6 of the Dungeon.
             The game lasted 00:08:24 (2683 turns).

Gorice the Slasher (Minotaur Gladiator)             Turns: 2683, Time: 00:08:25

Health: -5/42      AC: 10    Str: 19    XL:     5   Next: 30%
Magic:  4/4        EV:  8    Int:  6    God:
Gold:   132        SH:  0    Dex: 11    Spells: 4/4 levels left

rFire    . . .     SeeInvis +   a - +1 long sword
rCold    . . .     Gourm    .   (no shield)
rNeg     . . .     Faith    .   q - +0 chain mail
rPois    .         Spirit   .   c - +1 hat
rElec    .         Reflect  .   (no cloak)
rCorr    .         Harm     .   r - +0 pair of gloves
MR       .....                  (no boots)
Stlth    ..........             (no amulet)
HPRegen  0.14/turn              i - ring of see invisible
MPRegen  0.09/turn              (no ring)

@: hasted, very quick
A: retaliatory headbutt, horns 2
a: no special abilities


You were on level 6 of the Dungeon.
You were hungry.

You visited 1 branch of the dungeon, and saw 5 of its levels.

You collected 132 gold pieces.

Inventory:

Hand Weapons
 a - a +1 long sword (weapon)
Missiles
 Y - 76 stones (quivered)
 Z - 3 throwing nets
Armour
 b - a +0 leather armour
 c - a +1 hat (worn)
 l - a +0 ring mail
 q - a +0 chain mail (worn)
 r - a +0 pair of gloves (worn)
Magical Staves
 u - an uncursed staff of conjuration
Jewellery
 i - a ring of see invisible (left hand)
 C - an uncursed ring of ice
Wands
 x - a wand of digging (19)
Scrolls
 d - a scroll of teleportation {!r}
 n - a scroll of magic mapping {unknown}
 o - a scroll of amnesia
 t - a scroll of fog
 w - a scroll of enchant weapon
 z - a scroll of fear {!r}
 A - a scroll of blinking {unknown}
Potions
 e - a potion of mutation {unknown}
 g - 2 potions of haste {!q}
 h - a potion of heal wounds {unknown}
 j - a potion of degeneration {unknown}
 k - 2 potions of curing
 m - 2 potions of berserk rage {unknown}
 s - 2 potions of flight {unknown}
 v - 2 potions of might {unknown}
Comestibles
 f - 3 rations


   Skills:
 - Level 2.4 Fighting
 * Level 7.3 Long Blades
 - Level 2.0 Throwing
 - Level 3.2 Dodging


You had 4 spell levels left.
You didn't know any spells.

Dungeon Overview and Level Annotations

Branches:
Dungeon (4/15)
 Temple: D:4-7

Altars:
Gozag
Hepliaklqana
Sif Muna
Yredelemnul


Innate Abilities, Weirdness & Mutations

You reflexively headbutt those who attack you in melee.
You have a pair of horns on your head.


Message History

You see here a stone.
You see here a stone.
You start waiting.
You closely miss the orc.
You kill the orc!
The orc warrior throws a tomahawk.
The tomahawk closely misses you.
Unknown command.
The orc warrior throws a tomahawk.
The tomahawk hits you but does no damage.
Things that are here:
a tomahawk; a hand axe; an orc corpse The orc warrior throws a tomahawk.
The tomahawk hits you.
You see here a tomahawk.
Damage: 6 (max 6)
The orc warrior hits you from afar with a trident!
Things that are here:
a tomahawk; a hand axe; an orc corpse; Damage: 9 (max 9)
The orc shouts!
The orc warrior hits you with a trident.
You see here a tomahawk.
Damage: 4 (max 9)
You hit the orc warrior.
The orc warrior is lightly wounded.
The orc warrior hits you with a trident.
* * * LOW HITPOINT WARNING * * *
Damage: 3 (max 9)
You hit the orc warrior but do no damage.
You headbutt the orc warrior.
The orc warrior is lightly wounded.
The orc warrior hits you but does no damage.
You hit the orc warrior.
The orc warrior is moderately wounded.
The orc warrior hits you but does no damage.
Really quaff
g - 3 potions of haste {!q}?
You feel yourself speed up.
The orc warrior hits you with a trident!
* * * LOW HITPOINT WARNING * * *
Damage: 11 (max 11)
You slash the orc warrior!
You headbutt the orc warrior, but do no damage.
The orc warrior is severely wounded.
You hit the orc warrior but do no damage.
The orc warrior is severely wounded.
The orc warrior hits you with a trident!
* * * LOW HITPOINT WARNING * * *
Damage: 7 (max 11)
Your chain mail prevents you from hitting the orc warrior.
The orc warrior is severely wounded.
The orc warrior hits you with a trident!
You die...

######## #.....)#
#......# #......### .#
######.........
...####.(@oo......#
.......(####......#
........####......#...#
.....##...........#...#
####.......#.)o.......##
#.#####...#.###...... #
###...# .......
#####.##.#..<.#
#.....(.......#


You could see an orc warrior and an orc.

Vanquished Creatures
  An ice beast (D:6)
  2 adders
  2 worms
  4 dart slugs
  An orc (D:6)
  3 bats (D:1)
  2 giant cockroaches (D:2)
  5 goblins
  8 hobgoblins
  10 kobolds
  2 ball pythons (D:1)
  7 frilled lizards
  11 rats
58 creatures vanquished.

Notes
Turn   | Place    | Note
-------+----------+-------------------------------------------
     0 | D:1      | Gorice the Minotaur Gladiator began the quest for the Orb.
     0 | D:1      | Reached XP level 1. HP: 18/18 MP: 0/0
    82 | D:1      | Reached skill level 4 in Long Blades
   144 | D:1      | Reached XP level 2. HP: 25/25 MP: 1/1
   415 | D:1      | Reached skill level 5 in Long Blades
   624 | D:1      | Reached XP level 3. HP: 30/30 MP: 2/2
  1349 | D:2      | Found an opulent altar of Gozag.
  1349 | D:2      | Found a deep blue altar of Sif Muna.
  1798 | D:3      | Reached XP level 4. HP: 37/37 MP: 3/3
  1835 | D:3      | Reached skill level 6 in Long Blades
  1911 | D:3      | Found a hazy altar of Hepliaklqana.
  1926 | D:3      | Found a basalt altar of Yredelemnul.
  2616 | D:4      | You fall through a shaft for 2 floors!
  2632 | D:6      | Noticed an ice beast
  2648 | D:6      | Killed an ice beast
  2648 | D:6      | Reached skill level 7 in Long Blades
  2648 | D:6      | Reached XP level 5. HP: 42/42 MP: 4/4
  2653 | D:6      | Noticed an orc warrior
  2680 | D:6      | HP: 9/42 [orc warrior/trident (11)]
  2682 | D:6      | HP: 2/42 [orc warrior/trident (8)]
  2683 | D:6      | Slain by an orc warrior

Vault maps used:
D:1:      lightli_arrival_chessboard
D:2:      gammafunk_temple_overflow_elements
D:3:      minitemple, serial_co_window_serial, co_window_corner_a,
          co_window_of_opportunity_a, co_window_corner_a, co_window_corner_a,
          co_window_paths_b, co_window_paths_a, co_window_corner_a,
          co_window_broadway_b, co_window_cross_3, co_window_corner_b,
          co_window_unsneaky_path_a, co_window_cross_4, co_window_corner_cb,
          co_window_unsneaky_path_a, glass_columns_a, glass_columns_a,
          glass_columns_a, glass_columns_a, glass_columns_c, first_ration
D:4:      minmay_temple_entry_statues_fountains, uniq_sigmund
D:6:      uniq_menkaure

Skill      XL: |  1  2  3  4 |
---------------+-------------+-----
Long Blades    | 4 5 7 |  7.3
Fighting       | |  2.4
Throwing       | |  2.0
Dodging        | |  3.2

Action                   |  1- 3 |  4- 6 || total
-------------------------+-------+-------++-------
Melee: Long sword        |    91 |    42 ||   133
       Headbutt          |    21 |     8 ||    29
Throw: Stone             |     2 |     8 ||    10
       Javelin           |       |     2 ||     2
  Use: Scroll            |     7 |     4 ||    11
       Potion            |       |     1 ||     1
  Eat: Chunk             |     3 |     2 ||     5
Armor: Leather armour    |    17 |       ||    17
       Ring mail         |    11 |       ||    11
       Chain mail        |       |    22 ||    22
Dodge: Dodged            |    56 |    11 ||    67
       Rpst.: Long sword |    14 |     2 ||    16

Table legend:
 A = Spawn XP
 B = Non-spawn XP
 C = Spawn XP percentage of total XP
 D = Spawn monster count
 E = Non-spawn monster count
 F = Spawn count percentage of total count
 G = Total turns spent on level
                    A         B        C        D         E        F      G
               +---------+---------+-------+---------+---------+-------+---------
         Total |       0 |     252 |   0.0 |       0 |      58 |   0.0 |  2683
               +---------+---------+-------+---------+---------+-------+---------
           D:1 |       0 |      48 |   0.0 |       0 |      28 |   0.0 |   888
           D:2 |       0 |      42 |   0.0 |       0 |      16 |   0.0 |   767
           D:3 |       0 |      26 |   0.0 |       0 |      10 |   0.0 |   848
           D:4 |       0 |       6 |   0.0 |       0 |       2 |   0.0 |   113
           D:6 |       0 |     130 |   0.0 |       0 |       2 |   0.0 |    67
               +---------+---------+-------+---------+---------+-------+---------

Table legend:
 A = Turns spent in this place as a percentage of turns spent in the entire game.
 B = Non-inter-level travel turns spent in this place as a percentage of non-inter-level travel turns spent in the entire game.
 C = Inter-level travel turns spent in this place as a percentage of turns spent in this place.
 D = Turns resting spent in this place as a percentage of non-inter-level travel turns spent in this place.
 E = Turns spent auto-exploring this place as a percentage of non-inter-level travel turns spent in this place.
 F = Non-inter-level travel turns spent in this place divided by the number of levels of this place that you've seen.
                   A       B       C       D       E      F
               +-------+-------+-------+-------+-------+----------------------
         Total | 100.0 | 100.0 |   5.2 |   4.2 |  65.0 | 508.6
       Dungeon | 100.0 | 100.0 |   5.2 |   4.2 |  65.0 | 508.6
               +-------+-------+-------+-------+-------+----------------------

Vault maps used:
D:1:      lightli_arrival_chessboard
D:2:      gammafunk_temple_overflow_elements
D:3:      minitemple, serial_co_window_serial, co_window_corner_a,
          co_window_of_opportunity_a, co_window_corner_a, co_window_corner_a,
          co_window_paths_b, co_window_paths_a, co_window_corner_a,
          co_window_broadway_b, co_window_cross_3, co_window_corner_b,
          co_window_unsneaky_path_a, co_window_cross_4, co_window_corner_cb,
          co_window_unsneaky_path_a, glass_columns_a, glass_columns_a,
          glass_columns_a, glass_columns_a, glass_columns_c, first_ration
D:4:      minmay_temple_entry_statues_fountains, uniq_sigmund
D:6:      uniq_menkaure
